Cogmind - Beta 9.6 @@@ ROGUE MODE // 2020.09.01 @ 13:43:28 Player: scoobysnack1 Result: Destroyed by Y-45 Defender with Beam Rifle Performance ------------- Evolutions (2) 1000 Regions Visited (7) 1400 Robots Destroyed (98) 490 Value Destroyed (2829) 2829 Prototype IDs (33) 660 Alien Tech Used (0) 0 Bonus (1152) 1152 TOTAL SCORE: 7531 Bonus ------- High Alert Combat Kills 70 Follower Combat Kills 82 Entered Garrisons 200 Used RIF Installer 500 Aligned with FarCom 300 Cogmind --------- Core Integrity 0/550 Matter 270/300 Energy 240/240 System Corruption 0% Temperature Cool (9) Movement Treading (200) Ox2 Location -8/Storage Parts ------- > --- POWER (1) -------- Nuclear Core > --- PROPULSION (3) --- Light Treads > --- UTILITY (4) ------ High-capacity Storage Unit Advanced Signal Interpreter Hardened Medium Armor Plating Relay Coupler [NC] (28) > --- WEAPON (3) ------- Light Assault Rifle Light Assault Rifle Improved Datajack > --- INVENTORY (12) --- Superbattery (2000) Propulsion Shielding Heavy Armor Plating Relay Coupler [Grunt] (25) Relay Coupler [Sentry] (24) System Backup Module Advanced Beam Cannon Advanced Assault Cannon Rocket Launcher Peak State ------------ > --- POWER ------------ Light Angular Momentum Engine > --- PROPULSION ------- Light Treads Light Treads Light Treads > --- UTILITY ---------- Cooling System High-capacity Storage Unit Superbattery Insulated Plating > --- WEAPON ----------- Heavy Ion Cannon Heavy Ion Cannon Heavy Ion Cannon > --- INVENTORY -------- Improved Ion Engine Propulsion Shielding Hardened Medium Armor Plating Improved Light Armor Plating Insulated Plating Medium Insulated Plating System Backup Module Heavy Ion Cannon Advanced Assault Cannon Rocket Launcher Improved Datajack Signal Generator [Rating: 39] Favorites ----------- Power Ion Engine Engine Ion Engine Power Core Nuclear Core Propulsion Light Treads Treads Light Treads Leg Aluminum Leg Hover Unit Gravmag System Utility High-capacity Storage Unit Device Cooling System Storage High-capacity Storage Unit Processor Advanced Signal Interpreter Hackware Relay Coupler [Swarmer] Protection Propulsion Shielding Weapon Particle Cannon Energy Gun Particle Gun Energy Cannon Particle Cannon Ballistic Gun Light Assault Rifle Ballistic Cannon Light Cannon Launcher Rocket Launcher Special Melee Weapon Improved Datajack Build | -11 -10 -10 -10 -9 -8 -8 -8 ------- Run | Scr Mat Min Exi Min Mat Gar Sto Slots Evolved 4 | . . . . . 4 . . Power . | . . . . . . . . Propulsion 1 | . . . . . 1 . . Utility 2 | . . . . . 2 . . Weapon 1 | . . . . . 1 . . Parts Attached 115 | 9 25 8 . 7 39 25 2 Power 21 | 2 7 . . 2 8 2 . Engine 18 | 2 7 . . 2 6 1 . Core 3 | . . . . . 2 1 . Reactor . | . . . . . . . . Propulsion 20 | 3 5 2 . . 9 1 . Treads 17 | 1 5 2 . . 8 1 . Leg 2 | 2 . . . . . . . Wheel . | . . . . . . . . Hover 1 | . . . . . 1 . . Flight . | . . . . . . . . Utility 28 | 2 3 . . 3 11 7 2 Device 5 | . . . . . 2 3 . Storage 4 | 2 1 . . . 1 . . Processor 2 | . . . . . 1 1 . Hackware 4 | . . . . . 2 1 1 Protection 13 | . 2 . . 3 5 2 1 Artifact . | . . . . . . . . Weapon 46 | 2 10 6 . 2 11 15 . Energy Gun 5 | 2 1 1 . . . 1 . Energy Cannon 21 | . 5 3 . 1 9 3 . Ballistic Gun 11 | . 1 2 . . . 8 . Ballistic Cannon 4 | . 3 . . . 1 . . Launcher 3 | . . . . 1 1 1 . Special Weapon . | . . . . . . . . Impact Weapon . | . . . . . . . . Slashing Weapon . | . . . . . . . . Piercing Weapon . | . . . . . . . . Special Melee Weapon 2 | . . . . . . 2 . Unidentified Prototypes 1 | . . . . . 1 . . Parts Lost 11 | . 2 1 . . . 8 . Power 2 | . 1 . . . . 1 . Propulsion 3 | . . . . . . 3 . Utility 1 | . . . . . . 1 . Weapon 5 | . 1 1 . . . 3 . Highest Loss Streak 2 | . 2 1 . . . 2 . Average Slot Usage (%) 95 | . 98 100 100 100 97 84 81 Engine 9 | . 13 14 14 14 6 2 . Core 1 | . . . . . 2 5 9 Treads 24 | . 27 28 28 28 25 15 9 Device 2 | . . . . . 6 1 . Storage 12 | . 14 14 14 14 10 9 9 Processor 4 | . . . . . 6 15 15 Hackware 1 | . . . . . 3 3 9 Protection 10 | . 13 14 14 14 7 5 2 Energy Gun 1 | . 2 6 . . . . . Energy Cannon 16 | . 14 19 14 19 25 4 . Ballistic Gun 5 | . 3 1 14 2 . 16 18 Ballistic Cannon 1 | . 6 . . . . . . Naked Turns . | . . . . . . . . Heaviest Build 72 | 16 45 46 45 48 72 72 50 Greatest Support 60 | 20 40 40 40 40 60 60 20 Greatest Overweight (x) 2 | . 1 2 1 1 1 2 2 Average Overweight (x) . | . . 1 1 1 . 1 2 Largest Inventory Capacity 12 | 8 12 12 12 12 12 12 12 Average Capacity 11 | 5 11 12 12 12 12 12 12 Most Carried 12 | 5 12 12 12 12 12 12 12 Average Carried 11 | 2 10 11 11 11 11 11 11 Final Capacity 12 | 8 12 12 12 12 12 12 12 Final Carried 12 | 5 12 12 12 12 12 12 10 Class Distribution -------------------- 59% | Mutant 22% | Scavenger-Skirmisher 5% | Skirmisher 3% | Bothacker-Mutant 3% | Tank 3% | Scavenger-Mutant Dominant Class ---------------- Mutant | -10/Materials Mutant | -10/Mines Mutant | -10/Exiles Mutant | -9/Mines Scavenger-Skirmisher | -8/Materials Scavenger-Skirmisher | -8/Garrison Bothacker-Mutant | -8/Storage Resources | -11 -10 -10 -10 -9 -8 -8 -8 ----------- Run | Scr Mat Min Exi Min Mat Gar Sto Matter Collected 1710 | 290 404 80 . 146 433 357 . Remotely . | . . . . . . . . Salvage Created 3388 | 153 818 89 14 150 1751 413 . Parts 203 | 9 59 4 2 5 94 30 . Haulers Intercepted 3 | . 1 . . . 2 . . Recyclers Shooed . | . . . . . . . . Parts Field Recycled . | . . . . . . . . Retrieved Matter . | . . . . . . . . Parts Self-Destructed . | . . . . . . . . Prevented . | . . . . . . . . Kills | -11 -10 -10 -10 -9 -8 -8 -8 ------- Run | Scr Mat Min Exi Min Mat Gar Sto Combat Hostiles Destroyed 69 | . 17 3 1 6 24 18 . Guns 11 | . 1 . 1 . . 9 . Cannons 53 | . 16 3 . 3 22 9 . AOE 5 | . . . . 3 2 . . Classes Destroyed 15 | 2 7 . . 2 4 . . Worker 2 | . 1 . . . 1 . . Builder 3 | . 1 . . . 2 . . Tunneler 3 | 2 . . . . 1 . . Hauler 3 | . 1 . . . 2 . . Recycler 7 | 1 1 . . 1 4 . . Mechanic 1 | . . . . . 1 . . Operator 4 | . 3 . . . 1 . . Watcher 6 | . 3 . . . 3 . . Swarmer 24 | . 6 2 1 . 3 12 . Grunt 31 | . 11 1 . 2 12 5 . Brawler 2 | . . . . . 2 . . Duelist 1 | . . . . 1 . . . Sentry 6 | . . . . . 6 . . Hunter 2 | . . . . . 1 1 . Assembled 3 | . . . . 3 . . . Best Kill Streak 8 | 1 5 2 1 5 8 4 . Combat Bots Only 7 | . 4 2 1 3 7 4 . Max Kills in Single Turn 2 | 1 1 1 1 1 2 1 . Gunslinging . | . . . . . . . . Exploded 1 | . . . . 1 1 . . Melee . | . . . . . . . . Uniques/NPCs Destroyed . | . . . . . . . . Combat | -11 -10 -10 -10 -9 -8 -8 -8 -------- Run | Scr Mat Min Exi Min Mat Gar Sto Damage Taken 3651 | . 722 193 58 32 886 1745 15 Core 759 | . 151 24 . 22 152 395 15 Absorbed by Shields . | . . . . . . . . Core Remaining (%) 60 | 100 . . . 21 . . . Volleys Fired 240 | 13 67 9 4 17 62 68 . Largest 3 | 2 2 2 2 2 3 3 . Hottest 204 | 90 133 136 93 93 204 184 . Shots Fired 521 | 26 132 15 7 22 179 140 . Gun 157 | 26 33 . 3 5 . 90 . Cannon 355 | . 99 15 4 13 175 49 . Launcher 9 | . . . . 4 4 1 . Special . | . . . . . . . . Kinetic 170 | . 66 . 3 5 . 96 . Thermal 342 | 26 66 15 4 13 175 43 . Explosive 9 | . . . . 4 4 1 . Electromagnetic . | . . . . . . . . Robot Hit Streak 14 | 2 13 9 1 2 11 14 . Robot Miss Streak 9 | 2 4 2 9 3 5 2 . Penetration Max . | . . . . . . . . Secondary Targets 3 | . . . . . . 3 . Max Gunslinging Chain 1 | . . . . . . 1 . Shots Hit Robots 292 | 13 74 8 1 11 94 91 . Core Hits 149 | 4 37 3 1 11 57 36 . Critical Hits 12 | . 2 1 . . 7 2 . Critical Kills 5 | . . . . . 4 1 . Critical Parts Destroyed 6 | . 2 1 . . 2 1 . Melee Attacks 12 | . . . . . . 12 . Impact . | . . . . . . . . Slashing . | . . . . . . . . Piercing . | . . . . . . . . Sneak Attacks 5 | . . . . . . 5 . Combat Hostiles 5 | . . . . . . 5 . Follow-up Attacks . | . . . . . . . . Damage Inflicted 5552 | 144 1305 162 10 441 2468 1022 . Guns 662 | 144 159 . 10 52 . 297 . Cannons 4414 | . 1137 162 . 163 2227 725 . Explosions 458 | . . . . 224 234 . . Melee . | . . . . . . . . Ramming 18 | . 9 . . 2 7 . . Kinetic 882 | . 327 . 10 52 . 493 . Thermal 4194 | 144 969 162 . 163 2227 529 . Explosive 458 | . . . . 224 234 . . Electromagnetic . | . . . . . . . . Impact . | . . . . . . . . Slashing . | . . . . . . . . Piercing . | . . . . . . . . Highest Corruption . | . . . . . . . . Average Corruption . | . . . . . . . . Corruption Purged . | . . . . . . . . Overload Shots . | . . . . . . . . Overflow Damage 64 | . 6 1 . 19 37 1 . Projectiles 45 | . 6 1 . . 37 1 . Explosions 19 | . . . . 19 . . . Melee . | . . . . . . . . Knockbacks 4 | . 3 . . . . 1 . Impact 1 | . 1 . . . . . . Kinetic 3 | . 2 . . . . 1 . Secondary . | . . . . . . . . Self-Inflicted Damage 30 | . . . . . . 30 . Shots 1 | . . . . . . 1 . Rammed 3 | . 1 . . 1 1 . . Targets Rammed 3 | . 1 . . 1 1 . . Kicked . | . . . . . . . . Crushed . | . . . . . . . . Highest Temperature 696 | 120 406 430 99 132 425 696 . Average Temperature 131 | 48 115 189 44 61 141 187 . Received Heat Transfer 1237 | . 315 . . 40 378 495 9 Effects 21 | . 1 2 . . 6 12 . Shutdowns 4 | . . . . . 1 3 . Energy Bleed 3 | . . 1 . . 1 1 . Interference 3 | . . . . . 3 . . Matter Decay 1 | . . . . . . 1 . Short Circuit 2 | . . . . . 1 1 . Damage (minor) 3 | . 1 1 . . . 1 . Damage (major) 3 | . . . . . . 3 . Damage (core) 2 | . . . . . . 2 . Siege Activations . | . . . . . . . . Robots Corrupted . | . . . . . . . . Combat Hostiles . | . . . . . . . . Parts Fried . | . . . . . . . . Impact Corruptions . | . . . . . . . . Robots Melted . | . . . . . . . . Combat Hostiles . | . . . . . . . . Parts Melted 4 | 1 1 . . . 2 . . Heat Transferred 7138 | 396 1813 296 . 296 3552 785 . Parts Sabotaged . | . . . . . . . . Parts Stolen . | . . . . . . . . Parts Stripped . | . . . . . . . . Power Chain Reactions . | . . . . . . . . Missiles Intercepted . | . . . . . . . . Alert | -11 -10 -10 -10 -9 -8 -8 -8 ------- Run | Scr Mat Min Exi Min Mat Gar Sto Peak Influence 783 | 15 198 97 . 75 424 783 396 Average Influence 190 | 7 90 24 . 25 160 573 381 Maximum Alert Level 3 | . . . . . 2 3 1 Low Security (%) 68 | 100 100 100 . 100 63 . . Level 1 15 | . . . . . 32 22 100 Level 2 11 | . . . . . 3 54 . Level 3 4 | . . . . . . 23 . Level 4 . | . . . . . . . . Level 5 . | . . . . . . . . High Security . | . . . . . . . . Max Security . | . . . . . . . . Squads Dispatched 10 | . 4 1 . 1 4 . . Investigation 3 | . 1 . . 1 1 . . Extermination . | . . . . . . . . Reinforcement 4 | . 3 . . . 1 . . Assault 2 | . . 1 . . 1 . . Garrison 1 | . . . . . 1 . . Intercept . | . . . . . . . . Construction Impeded . | . . . . . . . . Haulers Reinforced . | . . . . . . . . Stealth | -11 -10 -10 -10 -9 -8 -8 -8 --------- Run | Scr Mat Min Exi Min Mat Gar Sto Distress Signals 4 | . 1 . . . 3 . . Communications Jammed . | . . . . . . . . Distress Signals . | . . . . . . . . Times Spotted 109 | . 28 8 1 6 35 29 2 Peak Tracking Total 7 | . 4 4 1 3 6 7 1 Tactical Retreats 4 | . 2 1 . . . 1 . Traps | -11 -10 -10 -10 -9 -8 -8 -8 ------- Run | Scr Mat Min Exi Min Mat Gar Sto Traps Triggered 10 | . 4 1 . . 2 3 . Indirectly . | . . . . . . . . Trap Hack Attempts . | . . . . . . . . Triggered . | . . . . . . . . Disarmed . | . . . . . . . . Reprogrammed . | . . . . . . . . Reused . | . . . . . . . . Traps Extracted . | . . . . . . . . Installed . | . . . . . . . . Triggered . | . . . . . . . . Exploded 1 | . . . 1 . . . . Machines | -11 -10 -10 -10 -9 -8 -8 -8 ---------- Run | Scr Mat Min Exi Min Mat Gar Sto Machines Disabled 8 | . . . 2 . 4 2 . Max in Single Turn 1 | . . . 1 . 1 1 . Garrison Relay 2 | . . . . . . 2 . Machines Sabotaged . | . . . . . . . . Garrisons Compromised . | . . . . . . . . Overloaded Fab Kills . | . . . . . . . . Fab Network Shutdowns . | . . . . . . . . Hacking | -11 -10 -10 -10 -9 -8 -8 -8 --------- Run | Scr Mat Min Exi Min Mat Gar Sto Machines Accessed 17 | . 6 1 1 1 7 . 1 Terminals 8 | . 3 . . . 4 . 1 Fabricators . | . . . . . . . . Repair Stations 2 | . 1 . . . 1 . . Recycling Units 2 | . 2 . . . . . . Scanalyzers 1 | . . . . . 1 . . Garrison Access 1 | . . . . . 1 . . Total Hacks 61 | . 20 1 1 1 35 . 3 Successful 37 | . 11 1 1 1 22 . 1 Failed 24 | . 9 . . . 13 . 2 Catastrophic . | . . . . . . . . Database Lockouts . | . . . . . . . . Manual 16 | . 6 . 1 . 6 . 3 Terminals 29 | . 11 . . . 15 . 3 Fabricators . | . . . . . . . . Repair Stations 11 | . 6 . . . 5 . . Recycling Units 3 | . 3 . . . . . . Scanalyzers 11 | . . . . . 11 . . Garrison Access 4 | . . . . . 4 . . Terminal Hacks 16 | . 5 1 1 1 7 . 1 Record 1 | . . . . . 1 . . Prototype ID Bank 7 | . 3 . . . 3 . 1 Open Door 2 | . . 1 . 1 . . . Branch Access Points 1 | . 1 . . . . . . Locate Traps 2 | . . . . . 2 . . Recall Reinforcements 1 | . 1 . . . . . . Zone Layout 1 | . . . . . 1 . . EX-Prototype ID Bank 1 | . . . 1 . . . . Fabricator Hacks . | . . . . . . . . Repair Station Hacks 8 | . 4 . . . 4 . . Scan Component 4 | . 2 . . . 2 . . Repair 4 | . 2 . . . 2 . . Recycling Unit Hacks 2 | . 2 . . . . . . Report Inventory 1 | . 1 . . . . . . Retrieve Components 1 | . 1 . . . . . . Scanalyzer 9 | . . . . . 9 . . Insert Component 4 | . . . . . 4 . . Analyze 5 | . . . . . 5 . . Garrison Access Hacks 2 | . . . . . 2 . . Unlock Access 1 | . . . . . 1 . . Coupler Status 1 | . . . . . 1 . . Unauthorized Hacks . | . . . . . . . . Terminals . | . . . . . . . . Fabricators . | . . . . . . . . Repair Stations . | . . . . . . . . Recycling Units . | . . . . . . . . Scanalyzers . | . . . . . . . . Garrison Access . | . . . . . . . . Data Cores Recovered . | . . . . . . . . Used . | . . . . . . . . Hacking Detections 13 | . 5 . . . 7 . 1 Full Trace Events 2 | . . . . . 2 . . Feedback Events . | . . . . . . . . Feedback Blocked . | . . . . . . . . Robot Schematics Acquired . | . . . . . . . . Robots Built . | . . . . . . . . Matter . | . . . . . . . . Time . | . . . . . . . . Total Robot Build Rating . | . . . . . . . . Part Schematics Acquired 3 | . . . . . 3 . . Parts Built . | . . . . . . . . Matter . | . . . . . . . . Time . | . . . . . . . . Total Part Build Rating . | . . . . . . . . Parts Repaired 4 | . 2 . . . 2 . . Time 129 | . 52 . . . 77 . . Parts Recycled . | . . . . . . . . Recycled Matter . | . . . . . . . . Retrieved Matter . | . . . . . . . . Retrieved Components 2 | . 2 . . . . . . Parts Scanalyzed 4 | . . . . . 4 . . Part Schematics Acquired 3 | . . . . . 3 . . Parts Damaged . | . . . . . . . . Bothacking | -11 -10 -10 -10 -9 -8 -8 -8 ------------ Run | Scr Mat Min Exi Min Mat Gar Sto Used RIF Installer 1 | . . . . . . 1 . Robots Hacked 4 | . . . . . . 4 . Non-combat . | . . . . . . . . Combat 4 | . . . . . . 4 . Robot Hacks Applied 5 | . . . . . . 5 . reboot_system 1 | . . . . . . 1 . go_dormant 1 | . . . . . . 1 . overwrite_iff 2 | . . . . . . 2 . streamctrl_high 1 | . . . . . . 1 . Relay Couplers Released 8 | . . . . . . 8 . Machine Destruction 8 | . . . . . . 8 . Attached 2 | . . . . . . 1 1 Robots Rewired . | . . . . . . . . Allies Hacked . | . . . . . . . . Hacks Repelled . | . . . . . . . . Allies | -11 -10 -10 -10 -9 -8 -8 -8 -------- Run | Scr Mat Min Exi Min Mat Gar Sto Total Allies 4 | . . 1 . . . 3 . Largest Group 1 | . . 1 . . . 1 . Highest-Rated Group 31 | . . 31 . . . 5 . Highest-Rated Ally 31 | . . 31 . . . 5 . Total Orders . | . . . . . . . . Ally Attacks 18 | . . 10 . . . 8 . Total Damage 234 | . . 192 . . . 42 . Kills 5 | . . 3 . . . 2 . Allies Corrupted . | . . . . . . . . Allies Melted . | . . . . . . . . Intel | -11 -10 -10 -10 -9 -8 -8 -8 ------- Run | Scr Mat Min Exi Min Mat Gar Sto Robot Analysis Total . | . . . . . . . . Derelict Logs Recovered 3 | . . 1 . 2 . . . Drone Launches . | . . . . . . . . Drone Recoveries . | . . . . . . . . Exploration | -11 -10 -10 -10 -9 -8 -8 -8 ------------- Run | Scr Mat Min Exi Min Mat Gar Sto Turns Passed 7620 | 124 1857 1105 474 716 1778 1377 189 Spaces Moved 3354 | 51 833 579 257 344 691 552 47 Core 2 | 2 . . . . . . . Treads 3291 | 13 808 579 257 344 691 552 47 Legs 61 | 36 25 . . . . . . Wheels . | . . . . . . . . Hover . | . . . . . . . . Flight . | . . . . . . . . Fastest Speed 50 | 50 120 180 180 180 160 160 200 Average Speed 177 | 127 177 180 180 180 168 186 200 Slowest Speed 200 | 160 180 200 180 180 180 200 200 Overloaded Moves . | . . . . . . . . Propulsion Burnouts . | . . . . . . . . Robots Hopped . | . . . . . . . . Cave-ins Triggered . | . . . . . . . . Exploration Rate (%) 57 | 4 88 96 63 79 47 75 11 Regions Visited 7 Branch Regions 4 Pre-discovered Areas 2 | . . 1 . 1 . . . Known Exits Taken 2 | . 1 . . . 1 . . Unknown Exits Taken 4 | 1 . 1 1 1 . . . Scrap Searched 3 | . . 2 . 1 . . . Spaces Dug . | . . . . . . . . Terrain Destroyed 80 | . . . . 17 55 8 . Melee . | . . . . . . . . Projectile 29 | . . . . 2 27 . . AOE 51 | . . . . 15 28 8 . Actions | -11 -10 -10 -10 -9 -8 -8 -8 --------- Run | Scr Mat Min Exi Min Mat Gar Sto Total 4600 | 81 1099 631 262 420 1171 793 143 Wait 693 | 2 113 17 . 35 324 109 93 Move 3348 | 50 832 578 256 343 691 551 47 Hop . | . . . . . . . . Pick Up 72 | 6 29 8 1 8 14 6 . Fast Attach 58 | 5 16 4 . . 24 9 . Attach 18 | 3 4 2 . . 1 7 1 Detach 10 | 1 1 1 . . 2 5 . Swap 39 | 1 5 2 . 7 14 9 1 Drop 101 | . 31 10 1 9 38 11 1 Fire 240 | 13 67 9 4 17 62 68 . Melee 12 | . . . . . . 12 . Ram . | . . . . . . . . Kick . | . . . . . . . . Crush 3 | . 1 . . 1 1 . . Escape Stasis 6 | . . . . . . 6 . Rewire . | . . . . . . . . Trap . | . . . . . . . . Miscellaneous . | . . . . . . . . Route ------- -11/Scrapyard -10/Materials (discovered 5 exits: [*Mat x3] / *Min x2) -10/Mines (discovered 3 exits: [*Mat x2] / *Exi) -10/Exiles (discovered 2 exits: *Min x2) -9/Mines -8/Materials (discovered 4 exits: *Fac x2 / *Sto / Gar) -8/Garrison (discovered 2 exits: *Sto x2) -8/Storage History --------- Turn | Location | Event 9 | -11/Scrapyard | Discovered new exit (range 16) 125 | -11/Scrapyard | Entered Materials 317 | -10/Materials | Build established: Mutant 442 | -10/Materials | Discovered new exit (range 8) 1091 | -10/Materials | Discovered new exit (range 7) 1216 | -10/Materials | Discovered new exit (range 10) 1384 | -10/Materials | Discovered new exit (range 16) 1427 | -10/Materials | Repaired Propulsion Shielding 1454 | -10/Materials | Repaired Lgt. Treads 1605 | -10/Materials | Identified exit to Mines 1630 | -10/Materials | Discovered new exit (range 3) 1643 | -10/Materials | Core integrity fell below 50% 1982 | -10/Materials | Entered Mines 2266 | -10/Mines | Met a Derelict testing a Signal Generator 2275 | -10/Mines | Found Signal Generator 2404 | -10/Mines | Learned location of Storage (-8) 2419 | -10/Mines | Discovered new exit (range 9) 2660 | -10/Mines | Received a Rocket Launcher from a helpful Derelict 2969 | -10/Mines | Met a Derelict who couldn't figure out how to use a Trap Extractor 3051 | -10/Mines | Discovered new exit (range 8) 3080 | -10/Mines | Deemed a non-threat by the Exiles lab entrance 3080 | -10/Mines | Discovered new exit (range 5) 3087 | -10/Mines | Entered Exiles 3116 | -10/Exiles | Discovered new exit (range 15) 3136 | -10/Exiles | Met 8R-AWN 3168 | -10/Exiles | Met EX-HEX 3226 | -10/Exiles | Met EX-BIN 3251 | -10/Exiles | Aligned with FarCom system 3253 | -10/Exiles | Given EX-Vault access code 3294 | -10/Exiles | Opened EX-Vault 3313 | -10/Exiles | Found Superbattery 3369 | -10/Exiles | Exiles lab attacked by MAIN.C 3545 | -10/Exiles | Discovered new exit (range 10) 3561 | -10/Exiles | Left Exiles lab with Superbattery 3561 | -10/Exiles | Entered Mines 3562 | -9/Mines | Assembled infested the area 3572 | -9/Mines | Met a Derelict bent on vengeance 3824 | -9/Mines | Learned location of 1 exit from Materials 3945 | -9/Mines | Met a Derelict shopkeep closing up shop 4176 | -9/Mines | Discovered new exit (range 5) 4277 | -9/Mines | Entered Materials 4277 | -8/Materials | Evolved 4 slots: Propulsion x1, Utility x2, Weapon x1 4278 | -8/Materials | Identified exit to Factory 4343 | -8/Materials | Discovered new exit (range 14) 4715 | -8/Materials | Discovered exit to Factory (range 4) 5066 | -8/Materials | Build established: Scavenger-Skirmisher 5364 | -8/Materials | Garrison activated, responded to threat 5445 | -8/Materials | Destroyed 7 combat bots 5669 | -8/Materials | Repaired Adv. Beam Cannon 5696 | -8/Materials | Repaired Lgt. Treads 6055 | -8/Materials | Identified exit to Garrison 6055 | -8/Materials | Entered Garrison 6206 | -8/Garrison | Core integrity fell below 50% 6254 | -8/Garrison | Triggered checkpoint 6348 | -8/Garrison | Triggered checkpoint 6424 | -8/Garrison | Discovered new exit (range 8) 6437 | -8/Garrison | Identified exit to Storage 6458 | -8/Garrison | Triggered checkpoint 6467 | -8/Garrison | Core integrity fell below 20% 6598 | -8/Garrison | Triggered checkpoint 6687 | -8/Garrison | Discovered exit to Storage (range 9) 6717 | -8/Garrison | Installed Relay Interface Framework 6774 | -8/Garrison | Triggered checkpoint 6802 | -8/Garrison | Garrison Relay disabled 7106 | -8/Garrison | Triggered checkpoint 7151 | -8/Garrison | Garrison Relay disabled 7432 | -8/Garrison | Entered Storage 7621 | -8/Storage | Destroyed by Y-45 Defender with Beam Rifle Last Messages --------------- 07166_ Dropped Imp. Datajack. 07170_ Acquired Relay Coupler [Grunt]. 07229_ Acquired 10 matter. 07233_ Acquired 8 matter. 07273_ Dropped Lgt. Assault Rifle. 07273_ Acquired Imp. Datajack. 07432_ Attempting to access garrison exit controls... RIF authorized. LOCATION=STORAGE GOAL=ESCAPE 07432_ Receiving FarCom transmissions... 07432_ Detecting nearby Garrison Access. 07477_ Connecting with Terminal... >>Prototypes Downloading prototype IDs... Hvy. Ion Engine Impact Mace 07566_ Discarded Targeting Computer. 07568_ Discarded Relay Coupler [Swarmer]. 07619_ O-16 Technician: "IFF HANDSHAKE FAILED. SECURING TERMINAL." Map ----- +----------------------------------------------------+ | ?????????????????????????????????????????????????? | | ?????????????????????????????????????????????????? | | ?????????????????????????????????????????????????? | | ?????????????????????????????????????????????????? | | ?????????????????????????????????????????????????? | | ?????????????????????????????????????????????????? | | ?????????????????????????????????????????????????? | | ?????????????????????????????????????????????????? | | ?????????????????????????????????????????????????? | | ?????????????????????????????????????????????????? | | ?????????????????????????????????????????????????? | | ?????????????????????????????????????????????????? | | ?????????????????????????????????????????????????? | | ???????????????????????????#?????????????????????? | | ??????????????????????????? ?????????????????????? | | ??????????????????????????? ?????????????????????? | | ?????????????????????????? ?????????????????????? | | ?????????????????????????? ?????????????????????? | | ??????######?????????????? "?????????????????????? | | ??????? ! !#?????????????? "?????????????????????? | | ??????? !!#?????????????? "?????????????????????? | | ??????? #?????????????? "?????????????????????? | | ??????? ??????????????? ?????????????????????? | | ?????##" "##????????????##+#####+## #?????????? | | ?????#T #????????????+ r #?????????? | | ?????## #????????????#@ Y +?????????? | | ?????###+###????????????# #### u##???????????????? | | ###### #????????????# #???o??????????????????? | | ##############+###????????????????????? | | ^ + #????????????????????? | | ######## #????????????????????? | | ###### #??????# #????????????????????? | | ?????#######??????# +????????????????????? | | ??????????????????# #?Y??????????????????? | | ??????????????????# #????????????????????? | | ??????????????????# #????????????????????? | | ??????????????????# #????????????????????? | | ??????????????????###########????????????????????? | | ?????????????????????????????????????????????????? | | ?????????????????????????????????????????????????? | | ?????????????????????????????????????????????????? | | ?????????????????????????????????????????????????? | | ?????????????????????????????????????????????????? | | ?????????????????????????????????????????????????? | | ?????????????????????????????????????????????????? | | | | | | | | | | | +----------------------------------------------------+ Best States ------------- Heat Dissipation 53 Energy Generation 18 Energy Capacity 2265 Matter Stores 300 Matter Capacity 300 Sight Range 16 Terrain Scan Density 10 Armor Coverage 600 Resistance: TH 10 Resistance: EM 20 Propulsion Shielding 33 Evasion (%) 40 Targeting Accuracy 5 Recoil Reduction 3 Offensive Hacking 10 Defensive Hacking 10 Item Schematics ----------------- System Shield | -8/Materials | Scanalyzed Adv. Assault Cannon | -8/Materials | Scanalyzed Nuclear Core | -8/Materials | Scanalyzed Robot Schematics ------------------ None Fabricated ------------ Nothing Alien Tech Used ----------------- None Achievements -------------- Factory Defaults Challenges ------------ None Game ------ Seed LauncherSignalAutohacker Manual? 0 Play Time 01:41:13 Cumulative 21.2 hours Start 2020.09.01 @ 11:56:18 End 2020.09.01 @ 13:43:28 Sessions 1 Manual Loads 0 Difficulty Rogue Special Mode None Game No. 15 Rogue 15 Adventurer 0 Explorer 0 Win Type - Total 0 Types 0/0/0/0/0/0/0 Lore% 15 Gallery% 21 Achievement% 16 Wizard Run 0 Options --------- ASCII 0 Keyboard 0 Movement Mouse Keybinds 0 Fullscreen 1 Font 18/SmallcapsGlow Map View 76x50 Tactical HUD 1 Map Filters NONE Filters NONE Steam 1 RUN: f3572f09-d69b-4905-91bb-00a9c2b421c3